 Dungeon Crawl Stone Soup version 0.28-a0-653-g7e9dba17c3 (webtiles) character file.

Game seed: 15749580551144212376

11075 eknf the Imperceptible (level 11, -3/76 HPs)
             Began as a Spriggan Enchanter on Oct 12, 2021.
             Was an Elder of Dithmenos.
             Slain by Grum (5 damage)
             ... on level 9 of the Dungeon.
             The game lasted 00:38:09 (16146 turns).

eknf the Imperceptible (Spriggan Enchanter)        Turns: 16146, Time: 00:38:09

Health: -3/76      AC:  6    Str:  7    XL:     11   Next: 44%
Magic:  31/34      EV: 22    Int: 15    God:    Dithmenos [****..]
Gold:   88         SH:  0    Dex: 24    Spells: 20/28 levels left

rFire   . . .      SeeInvis +   l - +9 quick blade
rCold   + . .      Faith    .   (shield restricted)
rNeg    + . .      Spirit   .   t - +0 steam dragon scales
rPois   .          Reflect  .   (helmet restricted)
rElec   .          Harm     .   B - +0 cloak
rCorr   .          Rampage  .   (gloves unavailable)
Will    +....                   (boots unavailable)
Stlth   ..........              (no amulet)
HPRegen 0.22/turn               d - ring of magical power
MPRegen 0.24/turn               k - ring "Noho" {Drain rC+ rN+ Int-2 Dex+8}

@: berserking, wreathed by umbra, studying Slings, very quick
A: very small, no large weapons, unfitting armour, see invisible, speed 3
a: Renounce Religion, Shadow Step


You were on level 9 of the Dungeon.
You worshipped Dithmenos.
Dithmenos was greatly pleased with you.
You visited 2 branches of the dungeon, and saw 13 of its levels.
You also visited: Ossuary.

You collected 1103 gold pieces.
You spent 1015 gold pieces at shops.

Inventory:

Hand Weapons
 a - a +2 dagger
 j - a +3 dagger of protection
 l - a +9 quick blade (weapon)
 q - a +2 short sword of venom
 A - a +5 dagger of draining
Missiles
 s - 32 poisoned darts (quivered)
 y - a throwing net
Armour
 t - +0 steam dragon scales (worn)
 B - a +0 cloak (worn)
Jewellery
 d - a ring of magical power (left hand)
 k - the ring "Noho" (right hand) {Drain rC+ rN+ Int-2 Dex+8}
   (You took it off a wight on level 8 of the Dungeon)

   [ring of protection from cold]

   Int:       It affects your intelligence (-2).
   Dex:       It affects your dexterity (+8).
   rC:        It protects you from cold.
   rN:        It protects you from negative energy.
   Drain:     It drains your maximum health when unequipped.
 u - a ring of flight
 z - a ring of willpower
Wands
 p - a wand of iceblast (19)
 w - a wand of flame (14)
Scrolls
 c - 2 scrolls of blinking
 g - 4 scrolls of magic mapping
 i - 5 scrolls of identify
 n - 4 scrolls of fog
 r - 8 scrolls of teleportation
Potions
 e - 3 potions of curing
 f - a potion of ambrosia
 h - 5 potions of flight
 m - a potion of magic
 o - 4 potions of brilliance
 v - 2 potions of lignification
 x - a potion of berserk rage


   Skills:
 + Level 2.8 Fighting
 + Level 4.1 Short Blades
 + Level 5.5 Dodging
 - Level 23.0 Stealth
 + Level 9.4 Spellcasting
 + Level 9.9 Hexes


You had 20 spell levels left.
You knew the following spells:

 Your Spells              Type           Power      Damage    Failure   Level
a - Ensorcelled Hibernat  Hex/Ice        44%        N/A       1%          2
b - Tukima's Dance        Hex            36%        N/A       1%          3
c - Dazzling Flash        Conj/Hex       44%        N/A       4%          3

Your spell library contained the following spells:

 Spells                   Type           Power      Damage    Failure   Level
 Confusing Touch          Hex            36%        N/A       1%          3
 Summon Guardian Golem    Hex/Summ       22%        N/A       4%          3
 Magic Dart               Conj           28%        1d4       11%         1
 Sandblast                Erth           14%        2d6       11%         1
 Fulminant Prism          Conj/Hex       11%        3d9       13%         4
 Corpse Rot               Necr/Air       N/A        N/A       16%         2
 Passwall                 Tmut/Erth      5%         N/A       16%         2
 Poisonous Vapours        Pois/Air       14%        N/A       16%         2
 Searing Ray              Conj           14%        2d5       16%         2
 Static Discharge         Conj/Air       7%         N/A       16%         2
 Spider Form              Tmut/Pois      3%         N/A       30%         3
 Stone Arrow              Conj/Erth      14%        3d7       30%         3
 Animate Dead             Necr           3%         N/A       71%         4
 Dispel Undead            Necr           7%         3d8       71%         4
 Sticky Flame             Conj/Fire      7%         2d3       71%         4
 Summon Lightning Spire   Summ/Air       7%         N/A       71%         4
 Borgnjor's Vile Clutch   Necr/Erth      3%         N/A       96%         5
 Death Channel            Necr           3%         N/A       100%        6
 Dispersal                Tloc           3%         N/A       100%        6
 Orb of Destruction       Conj           3%         9d1       100%        7
 Spellforged Servitor     Conj/Summ      3%         N/A       100%        7
 Storm Form               Tmut/Air       3%         N/A       100%        7
 Disjunction              Tloc           3%         N/A       100%        8
 Maxwell's Capacitive Co  Air            3%         ∞         100%        8


Dungeon Overview and Level Annotations

Branches:
Dungeon (12/15)            Temple (1/1) D:7         Ossuary (visited)
   Lair: D:8-11         Orc: D:9-12

Altars:
Ashenzari
Cheibriados
Dithmenos
Elyvilon
Fedhas
Gozag
Hepliaklqana
Kikubaaqudgha
Makhleb
Nemelex Xobeh
Okawaru
Qazlal
Trog
Uskayaw
Vehumet
Xom
Yredelemnul
Zin
The Shining One

Shops:
D:6 ?(==?   D:7 *(:

Annotations:
D:9 Grum


Innate Abilities, Weirdness & Mutations

You are very small and have problems with some larger weapons.
You are too small for most types of armour.
You have supernaturally acute eyesight. (SInv)
You cover ground extremely quickly. (Speed+++)


Message History

You are too injured to fight recklessly!
Casting: Dazzling Flash (dangerous; 4% risk of failure)
Confirm with . or Enter, or press ? or * to list all spells.
Aiming: Ensorcelled Hibernation (safe; 1% risk of failure)
Press: ? - help, Shift-Dir - straight line, f - wolf
Aim: a wolf (heavily wounded, umbra, chance to affect: 51%)
The wolf resists with some effort.
The wolf closely misses you.
The centaur shoots an arrow.
The arrow hits you!
* * * LOW HITPOINT WARNING * * *
The wolf closely misses you. Grum closely misses you.
A red film seems to cover your vision as you go berserk!
You feel yourself moving faster!
You feel mighty! The wolf misses you.
The centaur shoots an arrow.
The arrow closely misses you. The wolf bites you.
* * * LOW HITPOINT WARNING * * *
Grum hits you from afar with a +0 spear!
* * * LOW HITPOINT WARNING * * *
The centaur shoots an arrow.
The arrow closely misses you.
You puncture the howler monkey!
The howler monkey is almost dead.
The howler monkey misses you.
You puncture the howler monkey!
You kill the howler monkey!
Dithmenos accepts your kill. The wolf closely misses you.
You puncture the centaur!
The centaur is heavily wounded.
The centaur is no longer blind.
Grum misses you.
You hit the centaur.
The centaur is severely wounded.
The wolf completely misses you.
You barely miss the centaur.
The centaur is severely wounded.
The centaur unwields a +0 shortbow.
The centaur completely misses you. The centaur misses you. The wolf bites you.
* * * LOW HITPOINT WARNING * * *
You puncture the centaur!
You kill the centaur!
Dithmenos accepts your kill.
Grum hits you from afar with a +0 spear.
You die...

.#.#. ## ... ##.# ..#
. #.#.#..# ... #...#.#
<.. #....# ...
######....# ..
.#....#....######.####
#.............@h......
.
#............†)......
.
##.#..>........g.....
. # #.#...............
#..#.......:.......
#.##..#............
#.#.##............. #.
.............. ##
.$.....


You could see Grum and a wolf.

Vanquished Creatures
  A hydra (D:12)
  2 two-headed ogres (D:8)
  Erica (D:8)
  A tengu warrior (D:8)
  A cyclops (D:8)
  Maurice (D:11)
  A hornet (D:8)
  A meliai zombie (D:10)
  10 yaks
  A wraith (D:7)
  A steam dragon (D:6)
  An acid dragon (shapeshifter) (D:9)
  2 water moccasins
  An ice beast (D:8)
  A hornet zombie (D:5)
  A sky beast (D:7)
  5 orc warriors
  A necrophage (D:8)
  A wolf (D:9)
  2 phantoms
  9 centaurs
  2 bullfrogs
  2 gnoll sergeants
  An elf skeleton (D:5)
  A scorpion (D:6)
  A water moccasin skeleton (D:6)
  A killer bee (D:8)
  A troll zombie (Ossuary)
  A wight (D:8)
  A howler monkey (D:9)
  7 centaur zombies
  A human zombie (D:5)
  4 hounds
  An orc priest (D:8)
  3 jellies (D:4)
  A bullfrog skeleton (D:5)
  2 centaur skeletons
  Jessica (D:3)
  2 gnoll shamans (D:8)
  2 human skeletons (D:5)
  Ijyb (D:3)
  5 iguanas
  4 orc wizards
  An ogre zombie (Ossuary)
  A hound skeleton (D:4)
  7 mummies (Ossuary)
  2 howler monkey zombies
  14 gnolls
  A howler monkey skeleton (D:6)
  9 adders
  An ufetubus (D:4)
  3 adder zombies (Ossuary)
  3 worms
  A dart slug (D:3)
  15 orcs
  2 ball pythons
  7 endoplasms
  2 giant cockroaches
  9 goblins
  4 hobgoblins
  4 jackals (D:1)
  5 kobolds
  3 quokkas
  8 bats
  A frilled lizard (D:1)
  3 goblin zombies (Ossuary)
  5 hobgoblin zombies (Ossuary)
  5 kobold zombies (Ossuary)
  2 orc skeletons (D:5)
  5 quokka zombies (Ossuary)
  A rat (D:2)
  4 rat zombies (Ossuary)
218 creatures vanquished.

Vanquished Creatures (collateral kills)
  An orc warrior (D:8)
  A gnoll sergeant (D:8)
  A gnoll (D:7)
  3 orcs (D:8)
6 creatures vanquished.

Vanquished Creatures (others)
  8 dancing weapons
  14 plants (D:3)
  2 withered plants (D:2)
24 creatures vanquished.

Grand Total: 248 creatures vanquished

Notes
Turn   | Place    | Note
-------+----------+-------------------------------------------
     0 | D:1      | eknf the Spriggan Enchanter began the quest for the Orb.
     0 | D:1      | Reached XP level 1. HP: 9/9 MP: 5/5
  1078 | D:1      | Reached XP level 2. HP: 4/13 MP: 7/7
  1304 | D:2      | Learned a level 2 spell: Ensorcelled Hibernation
  1965 | D:2      | Reached XP level 3. HP: 10/16 MP: 9/9
  2688 | D:2      | Found a faded altar of an unknown god.
  2867 | D:2      | Reached skill level 5 in Hexes
  2867 | D:2      | Reached XP level 4. HP: 21/21 MP: 11/11
  3291 | D:2      | Learned a level 3 spell: Tukima's Dance
  3295 | D:2      | Learned a level 3 spell: Dazzling Flash
  3597 | D:3      | Noticed Jessica
  3638 | D:3      | Killed Jessica
  3954 | D:3      | Noticed Ijyb
  3973 | D:3      | Paralysed by Ijyb for 2 turns
  3982 | D:3      | Paralysed by Ijyb for 4 turns
  3990 | D:3      | Killed Ijyb
  3991 | D:3      | Reached skill level 5 in Spellcasting
  3991 | D:3      | Reached XP level 5. HP: 19/24 MP: 13/13
  4093 | D:3      | Found a shadowy altar of Dithmenos.
  4121 | D:3      | Became a worshipper of Dithmenos the Shadowed
  4480 | D:4      | Reached skill level 5 in Stealth
  4485 | D:4      | Reached skill level 18 in Stealth
  4485 | D:4      | Reached XP level 6. HP: 28/28 MP: 14/14
  4486 | D:4      | Reached skill level 22 in Stealth
  4486 | D:4      | Reached XP level 7. HP: 32/32 MP: 15/15
  5300 | D:5      | Entered Level 5 of the Dungeon
  5455 | D:5      | Reached XP level 8. HP: 36/36 MP: 17/17
  5483 | D:5      | Reached * piety under Dithmenos
  5571 | D:5      | Found a sand-covered staircase.
  5576 | Ossuary  | Entered an ossuary
  6600 | Ossuary  | Reached ** piety under Dithmenos
  7976 | D:6      | Found Uleczeav's Jewellery Boutique.
  8232 | D:6      | Found Zuclot's Magic Scroll Boutique.
  8240 | D:6      | Bought 2 scrolls of identify for 56 gold pieces
  8242 | D:6      | Bought a scroll of fog for 28 gold pieces
  8242 | D:6      | Bought a scroll of teleportation for 42 gold pieces
  8332 | D:6      | Found a bloodstained altar of Trog.
  8414 | D:6      | Reached XP level 9. HP: 39/39 MP: 20/20
  8539 | D:6      | Found Ciloruts's Magic Scroll Boutique.
  8547 | D:6      | Bought a scroll of blinking for 105 gold pieces
  8547 | D:6      | Bought a scroll of identify for 28 gold pieces
  8547 | D:6      | Bought a scroll of identify for 28 gold pieces
  8771 | D:6      | Found a shimmering altar of Xom.
  8894 | D:6      | Found Zosi's Jewellery Emporium.
  9167 | D:6      | Found Hoedanef's Weapon Shoppe.
  9630 | D:7      | Found Oxzonn's Book Shoppe.
  9630 | D:7      | Found Lepuwil's Weapon Emporium.
  9631 | D:7      | Found Xyrecu Vapo's General Store.
 10198 | D:7      | Found a staircase to the Ecumenical Temple.
 10205 | Temple   | Entered the Ecumenical Temple
 11136 | D:8      | Reached *** piety under Dithmenos
 11370 | D:8      | Noticed a two-headed ogre
 11373 | D:8      | Noticed a two-headed ogre
 11791 | D:8      | Identified a scroll of acquirement
 11791 | D:8      | Acquired 580 gold pieces
 12008 | D:8      | Killed a two-headed ogre
 12009 | D:8      | Reached XP level 10. HP: 44/44 MP: 22/22
 12366 | D:8      | Noticed a cyclops
 12373 | D:8      | Killed a cyclops
 12394 | D:8      | Noticed Erica
 12396 | D:8      | Killed Erica
 12397 | D:8      | Reached skill level 23 in Stealth
 12629 | D:8      | Killed a two-headed ogre
 12943 | D:8      | Noticed a tengu warrior
 12944 | D:8      | Noticed a red ugly thing
 12945 | D:8      | Noticed a centaur warrior
 12945 | D:8      | Noticed a cyan ugly thing
 12947 | D:8      | Noticed a green ugly thing
 12967 | D:8      | Identified the ring "Noho" {Drain rC+ rN+ Int-2 Dex+8}
 12973 | D:8      | Reached skill level 1 in Fighting
 12989 | D:8      | HP: 1/44 [centaur warrior/arrow (27)]
 13373 | D:8      | HP: 2/45 [white ugly thing (29)]
 13795 | D:8      | Found a burning altar of Makhleb.
 13795 | D:8      | Noticed a balrug
 13924 | D:8      | Killed a tengu warrior
 14517 | D:8      | Found a snail-covered altar of Cheibriados.
 14663 | D:9      | Reached **** piety under Dithmenos
 14701 | D:9      | Reached XP level 11. HP: 43/50 MP: 24/24
 14882 | D:9      | Found a radiant altar of Vehumet.
 15208 | D:6      | Bought a scroll of acquirement for 728 gold pieces
 15209 | D:6      | Acquired a +9 quick blade
 15665 | D:9      | Found an iron altar of Okawaru.
 15665 | D:9      | You fall into a shaft and drop 3 floors!
 15737 | D:12     | Noticed a seven-headed hydra
 15748 | D:12     | Killed a seven-headed hydra
 15749 | D:12     | Reached skill level 5 in Dodging
 15946 | D:11     | Noticed Maurice
 15951 | D:11     | Killed Maurice
 16093 | D:10     | Entered Level 10 of the Dungeon
 16118 | D:9      | Noticed Grum
 16145 | D:9      | HP: 2/76 [wolf[Grum] (3)]
 16146 | D:9      | Slain by Grum

Illustrated notes

Levels and vault maps discovered:
D:1:      roderic_octagonal_star, layout_loops_cross
D:2:      layout_basic, shapermc_ecumenical_altar_flowoftime
D:3:      layout_rooms, mainiacjoe_overflow_catwalk, serial_bayou_lagoon_a,
          uniq_ijyb, uniq_jessica
D:4:      layout_layer_cave
D:5:      layout_loops_ring, nicolae_ossuary_entry_catacombs, grunt_ministairs_3
D:6:      layout_basic, lemuel_tele_altar, xom_butterflies, serial_shops,
          nicolae_shop_temple_entry_statues_fountains, shop, kennysheep_mini,
          nicolae_take_the_stairs, nicolae_shop_temple_entry_statues_fountains
D:7:      layout_basic, temple_green, serial_corexii_hall,
          chequers_hall_statues_y, corexii_hall_statues_l,
          nicolae_wooded_promenade
D:8:      minmay_the_grid_octo_triangle [minmay_the_grid_octo_thin_diamonds,
          minmay_the_grid_octo_prize_star, minmay_the_grid_octo_clover_2],
          layout_loops_ring, chei_slow_surprise, makhleb_altar_promises_db,
          uniq_erica
D:9:      layout_big_octagon, nicolae_ru_sacrificial_ziggurat,
          mainiacjoe_overflow_catch_the_wave, uniq_grum
D:10:     layout_small_grid, jmf_multi_god_temple2, st_stairs_2
D:11:     layout_basic, lair_entry_dummy, uniq_maurice
D:12:     layout_loops_ring, orc_0_dummy, uniq_kirke
Temple:   nicolae_temple_no_exploring_needed

Skill      XL: |  1  2  3  4  5  6  7  8  9 10 11 |
---------------+----------------------------------+-----
Spellcasting   | 3 4 5 6 7 8 9 |  9.4
Hexes          | 4 5 6 7 8 9 |  9.9
Stealth        | 18 22 23 | 23.0
Dodging        | 4 5 |  5.5
Fighting       | 1 2 |  2.8
Short Blades   | 2 4 |  4.1

Action                   |  1- 3 |  4- 6 |  7- 9 | 10-12 || total
-------------------------+-------+-------+-------+-------++-------
Melee: Dagger            |   123 |    67 |   461 |   153 ||   804
       Quick blade       |       |       |       |    67 ||    67
Throw: Dart              |       |       |       |     1 ||     1
 Cast: Ensorcelled Hiber |    13 |    15 |    51 |    41 ||   120
       Tukima's Dance    |       |     1 |    15 |    11 ||    27
       Dazzling Flash    |       |       |     5 |     2 ||     7
Invok: Shadow Step       |       |       |       |     1 ||     1
Evoke: Wand              |       |       |     1 |     1 ||     2
  Use: Scroll            |     4 |     6 |    13 |     2 ||    25
       Potion            |       |     2 |     3 |     5 ||    10
 Stab: Sleeping          |    14 |    11 |    90 |    41 ||   156
       Invisible         |       |       |     4 |       ||     4
       Paralysed         |       |       |     1 |       ||     1
       Distracted        |       |       |     2 |     1 ||     3
Armor: Robe              |    21 |     6 |    41 |       ||    68
       Steam dragon scal |       |       |    38 |    37 ||    75
Dodge: Dodged            |   108 |    31 |   356 |   205 ||   700

Table legend: (Time is in decaauts)
 A = Elapsed time spent in this place.
 B = Non-inter-level travel time spent in this place.
 C = Inter-level travel time spent in this place.
 D = Time resting spent in this place.
 E = Time spent auto-exploring this place.
 F = Levels seen in this place.
 G = Mean time per level.
                   A        B        C        D        E       F      G
               +--------+--------+--------+--------+--------+-----+--------+
         Total |  13140 |  12842 |    298 |   4787 |   5706 |  14 |  938.6 |
       Dungeon |  11448 |  11151 |    297 |   3559 |   5550 |  12 |  954.0 |
        Temple |    218 |    217 |      1 |    211 |      0 |   1 |  218.0 |
       Ossuary |   1473 |   1473 |      0 |   1017 |    156 |   1 | 1473.0 |
               +--------+--------+--------+--------+--------+-----+--------+

Top non-repeatable levels by time:
     D:8: 2666 daAuts
     D:7: 1833 daAuts
     D:2: 1534 daAuts
 Ossuary: 1473 daAuts
     D:6: 1181 daAuts
     D:1: 1092 daAuts
     D:4: 823 daAuts
     D:3: 779 daAuts
     D:5: 755 daAuts
     D:9: 476 daAuts
  Temple: 218 daAuts
    D:11: 213 daAuts
    D:12: 80 daAuts
    D:10: 10 daAuts
